Map: Catalyseur EC

Players

LiGhtNinG - Winner!

  • Race: Terran Terran
  • League: Diamond
  • Spawn Location: 5:00

Medianboard

  • Race: Protoss Protoss
  • League: Gold
  • Spawn Location: 11:00

VOD

https://youtu.be/MrItbLxxWS8

Description

Time

  • Played on: Aug. 11, 2018, 10:09 a.m.
  • Length: 9:31
Show
View Real Time Build Order
Export as new Build Order

LiGhtNinG Terran - Winner!

Build Orders: Reaper Expand, MMM Bio 

Get SALT Encoding   

  12  0:03  SCV  
  13  0:15  SCV  
  13  0:19  Supply Depot  
  14  0:27  SCV  
  15  0:41  SCV  
  15  0:42  Barracks  
  16  0:49  Refinery  
  16  0:54  SCV  
  17  1:06  SCV  
  18  1:18  SCV  
  19  1:33  Orbital Command  
  19  1:34  Reaper  
  20  1:45  Command Center  
  20  2:00  SCV  
  21  2:08  Barracks Reactor  
  21  2:09  Barracks  
  21  2:14  SCV  
  22  2:21  Supply Depot  
  22  2:26  SCV  
  23  2:31  Refinery  
  23  2:34  Factory  
  23  2:42  SCV  
  24  2:45  Marine x2  
  25  2:57  Barracks Tech Lab  
  25  2:58  Bunker  
  25  3:02  Marine  
  25  3:03  Supply Depot, Marine  
  25  3:04  SCV  
  28  3:14  Orbital Command  
  28  3:28  Starport  
  28  3:29  Factory Reactor  
  28  3:31  Marine  
  28  3:32  Marine  
  30  3:34  Marine  
  30  3:37  SCV  
  32  3:46  SCV, Supply Depot  
  33  3:49  Marine  
  33  3:52  Marine  
  33  3:53  Marine  
  36  3:59  Stimpack  
  36  4:01  SCV  
  37  4:07  Marine  
  38  4:10  Marine  
  38  4:12  Marine  
  40  4:17  Medivac  
  40  4:19  Factory Tech Lab  
  42  4:25  Medivac, Marine  
  42  4:28  Marine  
  42  4:30  Marine  
  47  4:37  Supply Depot  
  47  4:39  Engineering Bay  
  47  4:43  Marine  
  48  4:45  Marine  
  48  4:48  Marine  
  48  4:50  Siege Tank  
  53  4:56  SCV  
  53  4:57  Refinery  
  53  4:58  SCV  
  55  5:01  Marine  
  55  5:05  Marine  
  57  5:11  SCV x2  
  59  5:15  Medivac  
  59  5:21  Marine x2  
  61  5:23  SCV x2, Marine  
  61  5:25  Supply Depot  
  66  5:30  Medivac  
  69  5:35  SCV x2  
  70  5:46  Marine x3  
  70  5:47  SCV x2  
  66  6:04  Marine x3  
  66  6:11  Liberator x2  
  64  6:22  Marine x2  
  66  6:27  Refinery, Siege Tank  
  70  6:36  Barracks  
  70  6:37  Barracks  
  69  6:41  Terran Infantry Weapons Level 1, Barracks  
  70  6:47  SCV x2, Supply Depot  
  70  6:49  Command Center  
  70  6:51  Marine  
  70  6:52  Marine  
  73  6:54  Combat Shields  
  73  6:59  SCV  
  77  7:01  Siege Tank  
  77  7:09  Engineering Bay  
  77  7:12  SCV x2, Supply Depot  
  79  7:24  SCV x2, Marine x2  
  79  7:25  Marine  
  84  7:31  Medivac  
  84  7:33  Medivac  
  88  7:42  Marine x3  
  91  7:46  Siege Tank  
  94  8:00  Marine x3  
  95  8:16  Orbital Command  
  95  8:18  Barracks Tech Lab x2, Marine x3  
  95  8:19  Barracks Reactor  
  98  8:23  SCV x2  
  98  8:24  Concussive Shells  
  98  8:26  Medivac x2  
  104  8:36  Marine x3  
  105  8:54  Marine  
  106  9:24  Supply Depot  
Show
View Real Time Build Order
Export as new Build Order

Medianboard Protoss 

Build Orders:  

Get SALT Encoding   

  1  0:00  Probe  
  13  0:16  Pylon, Probe  
  14  0:27  Assimilator  
  14  0:37  Gateway  
  14  0:40  Probe  
  15  1:02  Pylon, Probe  
  15  1:07  Assimilator  
  15  1:11  Probe  
  17  1:25  Cybernetics Core  
  17  1:28  Zealot  
  19  1:46  Probe  
  19  1:47  Gateway  
  20  1:58  Probe  
  21  2:04  Pylon  
  21  2:09  Probe  
  22  2:17  Probe  
  22  2:18  Warp Gate  
  23  2:25  Stalker  
  23  2:27  Probe  
  26  2:44  Stalker  
  28  3:14  Gateway  
  28  3:16  Gateway  
  28  3:19  Gateway  
  28  3:21  Forge  
  28  3:44  Protoss Ground Armor Level 1  
  28  3:48  Nexus  
  28  3:50  Probe  
  29  4:33  Pylon, Stalker x2  
  29  4:36  Pylon  
  33  4:42  Pylon  
  33  4:44  Stalker  
  35  5:01  Probe, Stalker x2  
  40  5:08  Probe  
  40  5:09  Probe  
  42  5:19  Probe  
  42  5:20  Probe, Protoss Ground Weapons Level 1  
  43  5:28  Stalker  
  46  5:29  Stalker  
  48  5:39  Probe  
  48  5:42  Probe  
  50  5:51  Probe  
  39  6:05  Stalker x3  
  39  6:16  Stalker  
  39  6:23  Stalker  
  37  6:35  Stalker x2  
  41  6:40  Probe  
  41  6:46  Probe  
  43  6:52  Probe  
  44  6:56  Pylon  
  44  7:02  Stalker x2  
  44  7:04  Probe  
  44  7:07  Stalker  
  51  7:21  Twilight Council  
  51  7:26  Shield Battery  
  51  7:28  Probe  
  51  7:29  Shield Battery  
  52  7:41  Probe x2  
  54  7:48  Stalker x2  
  58  7:53  Probe x2  
  58  7:55  Assimilator  
  60  7:58  Assimilator  
  60  8:05  Probe  
  55  8:13  Stalker x3  
  61  8:25  Stalker  
  41  9:12  Stalker x2  
  41  9:13  Stalker  
Tags
 
Add a new tag
Caveats
  • Supply blocks, unpowered buildings, or Contaminate may cause inaccurate times.
  • Supply counts are checked every 10 seconds.